General information
- name: BNet
- type: Ladder team game (AT/RT)
- host: Battle.net
- saver: mata.
map: GnollWood
- players: 6
- length: 37:09
- speed: Fast
- version: 1.24 W3XP
- replay type:

» download(381 KB)
Players
team 1 (winner)
dnk. (
red | 183 APM | 6780 actions | 37:08)
6 Blademaster
3 Wind Walk
2 Critical Strike
1 Bladestorm
» actions
| Assign group hotkey | 36 | |
| Basic commands | 29 | |
| Build / train | 85 | |
| ESC pressed | 5 | |
| Enter build submenu | 37 | |
| Enter hero's abilities submenu | 6 | |
| Give item / drop item | 4 | |
| Right click | 3798 | |
| Select / deselect | 918 | |
| Select group hotkey | 1551 | |
| Use ability | 311 | |
6780 total
» units
| Peon | 14 | |
| Raider | 14 | |
| Troll Batrider | 15 | |
| Spirit Walker | 1 | |
| Kodo Beast | 1 | |
45 total
» upgrades
| Ensnare | 1 | |
| Melee Weapons | 3 | |
| Armor | 2 | |
| Pillage | 1 | |
| Spirit Walker Training | 1 | |
| Liquid Fire | 1 | |
| War Drums Damage Increase | 1 | |
10 total
» buildings
| Altar of Storms | 1 | |
| Orc Burrow | 5 | |
| War Mill | 1 | |
| Voodoo Lounge | 3 | |
| Watch Tower | 12 | |
| Stronghold | 2 | |
| Beastiary | 3 | |
| Fortress | 1 | |
| Great Hall | 2 | |
| Spirit Lodge | 1 | |
31 total
» build order
00:06 Altar of Storms
00:15 Orc Burrow
00:49 War Mill
01:36 Voodoo Lounge
02:24 Watch Tower
03:13 Stronghold
03:14 Stronghold
03:18 Watch Tower
04:36 Watch Tower
04:36 Watch Tower
05:00 Watch Tower
05:39 Beastiary
05:40 Beastiary
05:52 Watch Tower
05:53 Watch Tower
06:31 Orc Burrow
07:01 Watch Tower
07:02 Watch Tower
07:08 Watch Tower
08:04 Watch Tower
09:16 Orc Burrow
10:27 Voodoo Lounge
11:15 Watch Tower
12:11 Orc Burrow
15:07 Orc Burrow
16:29 Fortress
16:53 Great Hall
18:02 Voodoo Lounge
18:18 Beastiary
18:23 Spirit Lodge
20:07 Great Hall
» items
| Boots of Speed | 2 | |
| Staff of Teleportation | 1 | |
| Healing Salve | 6 | |
| Lesser Clarity Potion | 2 | |
| Scroll of Town Portal | 6 | |
| Orb of Lightning | 1 | |
18 total
mata. (
orange | 119 APM | 4414 actions | 37:09)
6 Archmage
3 Blizzard
2 Brilliance Aura
1 Mass Teleport
» actions
| Assign group hotkey | 442 | |
| Basic commands | 56 | |
| Build / train | 327 | |
| Enter build submenu | 134 | |
| Enter hero's abilities submenu | 6 | |
| Give item / drop item | 2 | |
| Remove unit from queue | 3 | |
| Right click | 1927 | |
| Select / deselect | 939 | |
| Select group hotkey | 189 | |
| Use ability | 389 | |
4414 total
» units
| Peasant | 35 | |
| Dragonhawk Rider | 14 | |
49 total
» upgrades
| Masonry | 3 | |
| Lumber Harvesting | 2 | |
| Magic Sentry | 1 | |
| Animal War Training | 1 | |
| Armor | 3 | |
| Cloud | 1 | |
11 total
» buildings
| Altar of Kings | 1 | |
| Lumber Mill | 1 | |
| Farm | 5 | |
| Scout Tower | 138 | |
| Arcane Tower | 18 | |
| Guard Tower | 213 | |
| Town Hall | 1 | |
| Blacksmith | 2 | |
| Keep | 2 | |
| Castle | 1 | |
| Gryphon Aviary | 1 | |
| Arcane Vault | 1 | |
| Arcane Sanctum | 1 | |
| Barracks | 1 | |
| Workshop | 1 | |
| Cannon Tower | 6 | |
393 total
» build order
00:05 Altar of Kings
00:19 Lumber Mill
00:33 Farm
01:03 Farm
01:21 Scout Tower
01:23 Scout Tower
01:52 Arcane Tower
01:52 Arcane Tower
01:55 Scout Tower
02:04 Scout Tower
02:17 Scout Tower
02:24 Arcane Tower
02:24 Arcane Tower
02:24 Arcane Tower
02:24 Arcane Tower
02:50 Guard Tower
02:51 Guard Tower
02:59 Scout Tower
03:34 Guard Tower
03:35 Guard Tower
03:42 Guard Tower
03:42 Guard Tower
03:43 Scout Tower
04:18 Farm
04:20 Guard Tower
04:21 Guard Tower
04:24 Scout Tower
04:25 Scout Tower
05:14 Scout Tower
05:26 Guard Tower
05:29 Scout Tower
05:29 Scout Tower
05:33 Scout Tower
05:45 Scout Tower
05:46 Scout Tower
06:07 Guard Tower
06:07 Guard Tower
06:07 Guard Tower
06:09 Scout Tower
06:09 Scout Tower
06:10 Scout Tower
06:10 Scout Tower
06:12 Scout Tower
06:13 Guard Tower
06:13 Guard Tower
06:19 Scout Tower
06:20 Scout Tower
06:22 Guard Tower
06:22 Guard Tower
06:22 Guard Tower
06:37 Guard Tower
06:37 Guard Tower
06:38 Guard Tower
06:43 Guard Tower
06:43 Guard Tower
06:49 Guard Tower
06:49 Guard Tower
06:49 Guard Tower
06:50 Guard Tower
07:01 Guard Tower
07:01 Guard Tower
07:07 Guard Tower
07:29 Town Hall
07:41 Guard Tower
07:41 Guard Tower
07:46 Arcane Tower
07:46 Arcane Tower
09:20 Blacksmith
09:22 Scout Tower
09:23 Scout Tower
09:24 Scout Tower
09:26 Scout Tower
09:32 Keep
09:32 Keep
09:51 Guard Tower
09:52 Guard Tower
09:53 Guard Tower
09:53 Guard Tower
09:54 Guard Tower
10:14 Scout Tower
10:15 Scout Tower
10:16 Guard Tower
10:16 Guard Tower
10:16 Guard Tower
10:18 Guard Tower
10:19 Guard Tower
10:20 Scout Tower
10:21 Scout Tower
10:50 Guard Tower
10:50 Guard Tower
11:40 Scout Tower
11:41 Scout Tower
11:42 Scout Tower
11:43 Scout Tower
11:49 Scout Tower
11:50 Scout Tower
11:51 Scout Tower
11:52 Scout Tower
11:52 Scout Tower
11:53 Scout Tower
12:12 Scout Tower
12:13 Scout Tower
12:13 Scout Tower
12:14 Scout Tower
12:14 Scout Tower
12:15 Scout Tower
12:16 Guard Tower
12:16 Guard Tower
12:17 Guard Tower
12:22 Guard Tower
12:25 Guard Tower
12:25 Guard Tower
12:27 Guard Tower
12:27 Guard Tower
12:28 Guard Tower
12:28 Guard Tower
12:28 Guard Tower
12:31 Castle
12:39 Guard Tower
12:44 Guard Tower
12:45 Guard Tower
12:47 Gryphon Aviary
12:50 Guard Tower
12:50 Guard Tower
12:50 Guard Tower
13:03 Guard Tower
13:06 Scout Tower
13:07 Scout Tower
13:07 Scout Tower
13:18 Scout Tower
13:19 Scout Tower
14:04 Guard Tower
14:10 Scout Tower
14:12 Guard Tower
14:12 Guard Tower
14:29 Guard Tower
14:32 Scout Tower
14:33 Scout Tower
14:37 Scout Tower
14:37 Scout Tower
14:38 Scout Tower
14:40 Scout Tower
14:49 Arcane Vault
14:52 Guard Tower
14:52 Guard Tower
14:55 Scout Tower
14:57 Scout Tower
14:58 Scout Tower
15:11 Guard Tower
15:12 Guard Tower
15:12 Guard Tower
15:14 Guard Tower
15:14 Guard Tower
15:14 Guard Tower
15:27 Guard Tower
15:27 Guard Tower
16:01 Scout Tower
16:02 Scout Tower
16:03 Scout Tower
16:22 Guard Tower
16:28 Guard Tower
16:28 Guard Tower
16:29 Guard Tower
16:29 Guard Tower
16:29 Guard Tower
16:35 Farm
16:37 Guard Tower
16:37 Guard Tower
16:45 Guard Tower
16:45 Guard Tower
17:00 Guard Tower
17:00 Scout Tower
17:01 Scout Tower
17:44 Guard Tower
17:44 Guard Tower
17:47 Scout Tower
17:47 Scout Tower
17:49 Scout Tower
17:51 Scout Tower
17:52 Scout Tower
18:23 Arcane Sanctum
18:27 Guard Tower
18:29 Scout Tower
18:30 Scout Tower
18:32 Scout Tower
18:33 Scout Tower
18:41 Barracks
18:43 Guard Tower
18:49 Guard Tower
18:49 Guard Tower
18:51 Guard Tower
18:51 Guard Tower
18:52 Guard Tower
19:35 Guard Tower
19:35 Guard Tower
19:35 Guard Tower
19:37 Scout Tower
19:39 Scout Tower
19:41 Scout Tower
19:42 Scout Tower
20:30 Scout Tower
20:31 Scout Tower
20:41 Scout Tower
20:54 Guard Tower
21:00 Blacksmith
21:02 Guard Tower
21:11 Guard Tower
21:35 Guard Tower
21:35 Guard Tower
22:09 Scout Tower
22:10 Scout Tower
22:58 Farm
23:11 Scout Tower
23:12 Scout Tower
23:23 Guard Tower
23:23 Guard Tower
23:25 Scout Tower
23:26 Scout Tower
23:43 Guard Tower
24:33 Guard Tower
24:34 Guard Tower
24:55 Guard Tower
24:55 Guard Tower
24:57 Scout Tower
24:58 Scout Tower
24:58 Scout Tower
24:59 Scout Tower
25:40 Guard Tower
25:40 Guard Tower
26:26 Scout Tower
26:27 Scout Tower
26:32 Scout Tower
26:32 Scout Tower
26:32 Scout Tower
27:03 Scout Tower
27:04 Scout Tower
27:06 Scout Tower
27:06 Scout Tower
27:07 Scout Tower
27:08 Scout Tower
27:57 Guard Tower
27:58 Scout Tower
27:59 Scout Tower
27:59 Scout Tower
28:01 Guard Tower
28:21 Scout Tower
28:46 Scout Tower
28:48 Scout Tower
28:49 Scout Tower
28:49 Guard Tower
28:49 Guard Tower
28:51 Scout Tower
28:52 Scout Tower
28:52 Scout Tower
28:53 Guard Tower
28:54 Guard Tower
28:54 Scout Tower
28:55 Scout Tower
29:10 Guard Tower
29:10 Guard Tower
29:10 Guard Tower
29:15 Arcane Tower
29:15 Arcane Tower
29:15 Arcane Tower
29:17 Scout Tower
29:18 Guard Tower
29:18 Guard Tower
29:18 Guard Tower
29:19 Guard Tower
29:21 Scout Tower
29:22 Scout Tower
29:24 Scout Tower
30:02 Guard Tower
30:02 Guard Tower
30:02 Guard Tower
30:05 Scout Tower
30:06 Scout Tower
30:07 Scout Tower
30:07 Scout Tower
30:08 Guard Tower
30:08 Guard Tower
30:28 Guard Tower
30:29 Guard Tower
30:29 Guard Tower
30:30 Scout Tower
30:31 Scout Tower
30:49 Guard Tower
30:49 Guard Tower
30:49 Guard Tower
31:18 Workshop
31:27 Guard Tower
31:28 Guard Tower
31:28 Guard Tower
31:28 Guard Tower
31:30 Scout Tower
31:30 Scout Tower
31:58 Guard Tower
31:59 Guard Tower
32:05 Scout Tower
32:26 Cannon Tower
32:27 Cannon Tower
32:51 Guard Tower
32:51 Guard Tower
33:51 Scout Tower
34:06 Scout Tower
34:08 Scout Tower
34:18 Cannon Tower
34:20 Scout Tower
34:40 Cannon Tower
34:40 Cannon Tower
34:40 Guard Tower
34:41 Guard Tower
34:41 Guard Tower
34:41 Guard Tower
34:41 Guard Tower
34:48 Scout Tower
34:50 Guard Tower
34:50 Guard Tower
35:22 Guard Tower
35:22 Guard Tower
36:13 Scout Tower
36:15 Scout Tower
36:43 Scout Tower
36:44 Scout Tower
36:44 Scout Tower
» items
| Staff of Teleportation | 1 | |
| Healing Salve | 1 | |
2 total
TIMG4STRok (
green | 101 APM | 3734 actions | 37:08)
5 Archmage
3 Blizzard
2 Brilliance Aura
3 Mountain King
2 Storm Bolt
1 Bash
» actions
| Assign group hotkey | 3 | |
| Basic commands | 38 | |
| Build / train | 128 | |
| ESC pressed | 19 | |
| Enter build submenu | 109 | |
| Enter hero's abilities submenu | 9 | |
| Give item / drop item | 1 | |
| Right click | 1949 | |
| Select / deselect | 487 | |
| Select group hotkey | 685 | |
| Use ability | 306 | |
3734 total
» units
» upgrades
| Masonry | 3 | |
| Magic Sentry | 1 | |
| Lumber Harvesting | 1 | |
5 total
» buildings
| Lumber Mill | 1 | |
| Altar of Kings | 1 | |
| Farm | 10 | |
| Scout Tower | 106 | |
| Arcane Tower | 3 | |
| Guard Tower | 57 | |
| Keep | 1 | |
| Gryphon Aviary | 1 | |
| Arcane Vault | 2 | |
| Arcane Sanctum | 1 | |
| Blacksmith | 2 | |
| Castle | 2 | |
| Barracks | 1 | |
188 total
» build order
00:13 Lumber Mill
00:18 Altar of Kings
00:27 Farm
01:07 Scout Tower
01:18 Farm
01:38 Scout Tower
01:41 Arcane Tower
02:13 Arcane Tower
02:14 Scout Tower
02:17 Scout Tower
02:51 Guard Tower
03:33 Scout Tower
04:04 Guard Tower
04:13 Scout Tower
04:13 Scout Tower
04:16 Scout Tower
04:16 Scout Tower
04:25 Scout Tower
04:35 Scout Tower
04:38 Scout Tower
04:44 Guard Tower
04:47 Guard Tower
04:54 Scout Tower
05:22 Guard Tower
05:22 Guard Tower
05:24 Guard Tower
05:57 Farm
05:58 Farm
06:28 Scout Tower
06:28 Scout Tower
06:31 Farm
06:32 Farm
06:41 Farm
06:43 Farm
07:20 Guard Tower
07:42 Scout Tower
07:42 Scout Tower
07:45 Scout Tower
07:47 Guard Tower
07:51 Scout Tower
07:52 Scout Tower
07:52 Scout Tower
07:53 Scout Tower
08:55 Guard Tower
08:59 Guard Tower
09:35 Keep
10:44 Scout Tower
10:44 Scout Tower
10:45 Scout Tower
10:46 Scout Tower
11:03 Arcane Tower
11:14 Guard Tower
11:26 Scout Tower
11:26 Scout Tower
11:27 Scout Tower
11:28 Guard Tower
11:33 Scout Tower
11:50 Scout Tower
11:51 Scout Tower
11:52 Scout Tower
11:55 Guard Tower
11:56 Scout Tower
12:01 Guard Tower
12:46 Guard Tower
13:07 Gryphon Aviary
13:11 Arcane Vault
13:12 Farm
13:13 Farm
14:13 Arcane Sanctum
14:17 Scout Tower
14:17 Scout Tower
14:53 Guard Tower
14:55 Blacksmith
15:08 Castle
16:09 Scout Tower
16:17 Arcane Vault
16:21 Scout Tower
16:22 Scout Tower
16:24 Scout Tower
16:25 Scout Tower
16:25 Scout Tower
16:26 Scout Tower
16:27 Scout Tower
16:28 Scout Tower
16:29 Scout Tower
17:05 Guard Tower
17:06 Scout Tower
17:08 Scout Tower
17:18 Guard Tower
17:30 Guard Tower
17:43 Guard Tower
17:47 Guard Tower
18:12 Guard Tower
18:16 Guard Tower
18:22 Guard Tower
18:42 Guard Tower
18:58 Scout Tower
18:59 Scout Tower
19:00 Scout Tower
19:01 Scout Tower
19:02 Scout Tower
19:03 Scout Tower
19:03 Scout Tower
19:04 Scout Tower
19:42 Scout Tower
19:44 Guard Tower
20:18 Guard Tower
20:49 Guard Tower
21:17 Guard Tower
21:19 Scout Tower
21:20 Scout Tower
21:21 Scout Tower
21:24 Scout Tower
21:25 Scout Tower
21:27 Scout Tower
21:46 Scout Tower
21:52 Guard Tower
22:14 Guard Tower
22:15 Guard Tower
22:16 Guard Tower
22:20 Scout Tower
22:21 Scout Tower
22:24 Scout Tower
22:24 Scout Tower
22:42 Scout Tower
22:43 Scout Tower
22:58 Guard Tower
23:06 Barracks
23:08 Blacksmith
23:20 Guard Tower
23:56 Scout Tower
24:28 Guard Tower
24:55 Scout Tower
24:56 Scout Tower
25:09 Scout Tower
25:09 Scout Tower
25:11 Scout Tower
25:12 Scout Tower
25:13 Scout Tower
25:13 Scout Tower
25:15 Scout Tower
25:15 Scout Tower
25:36 Guard Tower
25:37 Guard Tower
25:53 Guard Tower
26:07 Guard Tower
26:08 Guard Tower
26:09 Guard Tower
27:49 Guard Tower
28:10 Scout Tower
28:11 Scout Tower
28:15 Scout Tower
28:15 Scout Tower
28:16 Scout Tower
28:17 Scout Tower
28:18 Scout Tower
28:18 Scout Tower
28:48 Scout Tower
28:49 Scout Tower
28:55 Guard Tower
29:02 Guard Tower
29:22 Guard Tower
29:22 Guard Tower
29:25 Guard Tower
29:44 Guard Tower
30:47 Scout Tower
30:48 Scout Tower
30:49 Scout Tower
30:50 Scout Tower
30:58 Scout Tower
31:09 Guard Tower
31:10 Scout Tower
31:11 Scout Tower
31:12 Scout Tower
31:13 Scout Tower
31:16 Guard Tower
31:18 Guard Tower
31:41 Guard Tower
31:41 Guard Tower
32:02 Scout Tower
32:03 Scout Tower
32:04 Scout Tower
32:05 Scout Tower
32:34 Guard Tower
32:46 Guard Tower
32:47 Scout Tower
32:49 Scout Tower
» items
| Boots of Speed | 3 | |
| Healing Salve | 2 | |
| Lesser Clarity Potion | 2 | |
| Staff of Teleportation | 2 | |
| Potion of Healing | 3 | |
| Potion of Mana | 1 | |
| Scroll of Regeneration | 1 | |
| Staff of Sanctuary | 2 | |
| Orb of Lightning | 4 | |
20 total
team 2 (loser)
Manchesterutd (
blue | 104 APM | 3880 actions | 37:07)
4 Blademaster
2 Wind Walk
2 Critical Strike
3 Shadow Hunter
1 Hex
2 Healing Wave
» actions
| Assign group hotkey | 124 | |
| Basic commands | 192 | |
| Build / train | 66 | |
| ESC pressed | 3 | |
| Enter build submenu | 28 | |
| Enter hero's abilities submenu | 8 | |
| Right click | 2045 | |
| Select / deselect | 449 | |
| Select group hotkey | 832 | |
| Use ability | 133 | |
3880 total
» units
| Peon | 11 | |
| Grunt | 2 | |
| Demolisher | 12 | |
| Raider | 6 | |
| Troll Batrider | 4 | |
35 total
» upgrades
| Ranged Weapons | 2 | |
| Berserker Strength | 1 | |
| Ensnare | 1 | |
| Melee Weapons | 1 | |
| Armor | 1 | |
6 total
» buildings
| Altar of Storms | 1 | |
| Orc Burrow | 9 | |
| Barracks | 1 | |
| Voodoo Lounge | 3 | |
| Stronghold | 1 | |
| War Mill | 2 | |
| Watch Tower | 7 | |
| Beastiary | 2 | |
26 total
» build order
00:07 Altar of Storms
00:17 Orc Burrow
01:18 Barracks
01:26 Orc Burrow
01:49 Voodoo Lounge
02:53 Voodoo Lounge
03:34 Stronghold
03:39 War Mill
03:43 Orc Burrow
06:05 Watch Tower
06:27 Watch Tower
07:07 Watch Tower
07:24 Watch Tower
07:53 Watch Tower
07:57 Watch Tower
08:16 Orc Burrow
08:45 Orc Burrow
09:13 Voodoo Lounge
11:21 Watch Tower
11:59 War Mill
14:22 Orc Burrow
14:38 Beastiary
14:43 Beastiary
14:58 Orc Burrow
18:37 Orc Burrow
18:42 Orc Burrow
» items
| Boots of Speed | 1 | |
| Circlet of Nobility | 1 | |
| Staff of Teleportation | 1 | |
| Lesser Clarity Potion | 3 | |
| Healing Salve | 3 | |
| Scroll of Town Portal | 1 | |
| Potion of Lesser Invulnerability | 1 | |
11 total
Nightelf_freako (
yellow | 127 APM | 4723 actions | 37:04)
6 Warden
3 Shadow Strike
2 Blink
1 Spirit of Vengeance
» actions
| Assign group hotkey | 180 | |
| Basic commands | 13 | |
| Build / train | 81 | |
| Enter build submenu | 24 | |
| Enter hero's abilities submenu | 6 | |
| Give item / drop item | 1 | |
| Remove unit from queue | 2 | |
| Right click | 3766 | |
| Select / deselect | 397 | |
| Select group hotkey | 142 | |
| Use ability | 111 | |
4723 total
» units
| Wisp | 21 | |
| Huntress | 4 | |
| Hippogryph | 3 | |
| Chimaera | 9 | |
37 total
» upgrades
| Strength of the Wild | 1 | |
| Corrosive Breath | 1 | |
| Reinforced Hides | 2 | |
| Nature's Blessing | 1 | |
5 total
» buildings
| Altar of Elders | 1 | |
| Moon Well | 7 | |
| Hunter's Hall | 1 | |
| Ancient of War | 1 | |
| Tree of Ages | 6 | |
| Ancient of Wonders | 1 | |
| Ancient of Wind | 2 | |
| Tree of Eternity | 2 | |
| Chimaera Roost | 2 | |
| Tree of Life | 3 | |
| Ancient Protector | 2 | |
28 total
» build order
00:09 Altar of Elders
00:18 Moon Well
01:38 Hunter's Hall
01:51 Ancient of War
02:11 Moon Well
02:59 Tree of Ages
02:59 Tree of Ages
04:09 Moon Well
04:12 Ancient of Wonders
06:39 Ancient of Wind
06:41 Ancient of Wind
06:43 Tree of Eternity
06:48 Moon Well
06:51 Moon Well
09:11 Chimaera Roost
09:13 Chimaera Roost
10:48 Moon Well
16:31 Tree of Life
16:37 Moon Well
20:41 Tree of Life
21:03 Tree of Ages
21:03 Tree of Ages
21:03 Tree of Ages
28:47 Tree of Life
28:50 Ancient Protector
28:51 Ancient Protector
» items
| Scroll of Town Portal | 3 | |
| Staff of Preservation | 1 | |
| Potion of Healing | 4 | |
| Lesser Clarity Potion | 2 | |
| Potion of Lesser Invulnerability | 2 | |
12 total
O_hello_o (
teal | 114 APM | 4213 actions | 37:01)
6 Blademaster
3 Wind Walk
2 Critical Strike
1 Bladestorm
» actions
| Assign group hotkey | 30 | |
| Basic commands | 1 | |
| Build / train | 72 | |
| Enter build submenu | 19 | |
| Enter hero's abilities submenu | 6 | |
| Remove unit from queue | 2 | |
| Right click | 3156 | |
| Select / deselect | 490 | |
| Select group hotkey | 303 | |
| Use ability | 134 | |
4213 total
» units
| Peon | 7 | |
| Grunt | 4 | |
| Demolisher | 8 | |
| Troll Batrider | 9 | |
| Wind Rider | 7 | |
35 total
» upgrades
| Ranged Weapons | 3 | |
| Liquid Fire | 1 | |
| Ensnare | 1 | |
| Pillage | 0 | |
| Envenomed Spears | 1 | |
6 total
» buildings
| Altar of Storms | 1 | |
| Orc Burrow | 7 | |
| Barracks | 1 | |
| Voodoo Lounge | 1 | |
| Stronghold | 4 | |
| War Mill | 1 | |
| Beastiary | 2 | |
| Fortress | 1 | |
| Watch Tower | 4 | |
| Great Hall | 2 | |
24 total
» build order
00:07 Altar of Storms
00:19 Orc Burrow
00:50 Barracks
01:38 Orc Burrow
01:56 Voodoo Lounge
03:06 Stronghold
03:07 Stronghold
04:25 Orc Burrow
05:00 War Mill
05:37 Beastiary
05:40 Beastiary
06:59 Fortress
08:07 Orc Burrow
15:04 Watch Tower
16:30 Orc Burrow
17:17 Watch Tower
18:56 Orc Burrow
19:46 Orc Burrow
21:14 Great Hall
25:38 Great Hall
28:24 Stronghold
28:24 Stronghold
28:55 Watch Tower
28:59 Watch Tower
» items
| Boots of Speed | 1 | |
| Lesser Clarity Potion | 4 | |
| Scroll of Speed | 2 | |
| Healing Salve | 4 | |
| Scroll of Town Portal | 2 | |
| Orb of Lightning | 1 | |
14 total
Chat log
(15:44 / Allies) mata.: pillage
(15:54 / Allies) mata.: damn